[Event "Early-Titled-Tuesday-Blitz-January-30-2024"]
[Site "Chess.com"]
[Date "2024.01.30"]
[Round "11"]
[White "MetiForce"]
[Black "Sina_Movahed"]
[Result "0-1"]
[WhiteElo "2860"]
[BlackElo "3044"]
[TimeControl "180+1"]
[EndTime "10:11:57 PST"]
[Termination "Sina_Movahed won by checkmate"]

1. d4 Nf6 2. c4 g6 3. Nc3 Bg7 4. g3 O-O 5. Bg2 d6 6. Nf3 Nbd7 7. O-O e5 8. e4 exd4 9. Nxd4 Re8 10. h3 Nc5 11. Re1 h6 12. Rb1 c6 13. b3 a5 14.
Bb2 Nfd7 15. Bc1 a4 16. b4 Ne6 17. Be3 Ne5 18. Bf1 Nxd4 19. Bxd4 Nf3+ 20. Qxf3 Bxd4 21.
Rbd1 Be5 22. c5 Qe7 23. cxd6 Bxd6 24. a3 Be5 25. Bc4 Bxh3 26. Ne2 h5 27. Qe3 Kg7 28. Rd3 Rad8 29. Red1 Rxd3 30. Rxd3 Be6 31. Bxe6 Qxe6 32. Kg2 Re7 33. f4 Bc7 34. Qd4+ Kh7 35. Nc3 h4 36. e5 Qf5 37. Ne4 Bb6 38. Qc4 Kg7 39. Nf6 Rxe5 40. fxe5 h3+ 41. Kh2 Qf1 42. Qc2 Bg1+ 43. Kh1 Bf2+ 44. Kh2 Qg2# 0-1

[Event "Early-Titled-Tuesday-Blitz-January-30-2024"]
[Site "Chess.com"]
[Date "2024.01.30"]
[Round "11"]
[White "olawsson"]
[Black "ejalmedina"]
[Result "1-0"]
[WhiteElo "2186"]
[BlackElo "2278"]
[TimeControl "180+1"]
[EndTime "10:11:57 PST"]
[Termination "olawsson won on time"]

1. d4 Nf6 2. c4 e6 3. Nf3 Bb4+ 4.
Nbd2 O-O 5. Qc2 d6 6. a3 Bxd2+ 7. Nxd2 a5 8. b3 e5 9. dxe5 dxe5 10. g3 Nc6 11. e3 Qe7 12. Bg2 Nd7 13. O-O Nc5 14. Bb2 Bg4 15. Ne4 Bf5 16. f3 Bxe4 17. fxe4 Rad8 18.
Rad1 Qg5 19. Qc3 Rxd1 20. Rxd1 Rd8 21. Rd5 b6 22. Bc1 Qe7 23. b4 axb4 24. axb4 Ne6 25. b5 Na5 26. Qxe5 Nxc4 27. Qc3 Nd6 28. Bb2 1-0

[Event "Early-Titled-Tuesday-Blitz-January-30-2024"]
[Site "Chess.com"]
[Date "2024.01.30"]
[Round "11"]
[White "InitiatingASC"]
[Black "sergeikim"]
[Result "0-1"]
[WhiteElo "2434"]
[BlackElo "2590"]
[TimeControl "180+1"]
[EndTime "10:11:58 PST"]
[Termination "sergeikim won on time"]

1. d4 Nf6 2. c4 g6 3. Nc3 Bg7 4. e4 d6 5. Nf3 O-O 6. Be2 e5 7. d5 Nh5 8. Bg5 Qe8 9. h3 a5 10.
Qd2 Na6 11. O-O Bd7 12. Ne1 Nf4 13. Nd3 Nxe2+ 14. Qxe2 h6 15. Be3 f5 16. f3 b6 17.
a3 Nc5 18. b4 Nb3 19. Rab1 Nd4 20. Qd2 axb4 21. axb4 Kh7 22. Rfe1 Qf7 23. c5 fxe4 24.
fxe4 Qe7 25. c6 Bxh3 26. Bxd4 exd4 27. Nb5 Bg4 28. Nf2 h5 29. Nxd4 Qh4 30. Nxg4 hxg4 31. Ne6 g3 32. Ng5+ Kg8 33. Nf3 Qh5 34. e5 dxe5 35. Re4 Rad8 0-1

[Event "Early-Titled-Tuesday-Blitz-January-30-2024"]
[Site "Chess.com"]
[Date "2024.01.30"]
[Round "11"]
[White "Horokoskii"]
[Black "flomarechot"]
[Result "0-1"]
[WhiteElo "2159"]
[BlackElo "2345"]
[TimeControl "180+1"]
[EndTime "10:11:58 PST"]
[Termination "flomarechot won by resignation"]

1. c4 d6 2. Nc3 Nf6 3. g3 g6 4. Bg2 Bg7 5. d4 O-O 6. Nf3 Bf5 7.
O-O Ne4 8. Nh4 Nxc3 9. bxc3 Bc8 10. Nf3 c5 11. Be3 Qc7 12. Qb3 Nc6 13. dxc5 dxc5 14. Bxc5 b6 15. Bd4 Na5 16. Qb4 Nxc4 17. Bxg7 Kxg7 18. Nd4 a5 19. Qb5 Ba6 20. Qb1 Nd2 21.
Qc2 Nxf1 22. Rxf1 Rac8 23. Qe4 Qxc3 24. h4 h5 25. e3 Bxf1 26. Bxf1 Rfe8 27. g4 e5 28. Nf3 hxg4 29. Qxg4 Qc4 30. Qg3 Qe6 31. Kh2 Rh8 32. Bh3 Qf6 33. Bxc8 Rxc8 34. Nxe5 Rc2 35. Ng4 Qf5 36. Kg2 Rxa2 37. Ne5 Ra4 38. Nf3 Rg4 0-1

[Event "Early-Titled-Tuesday-Blitz-January-30-2024"]
[Site "Chess.com"]
[Date "2024.01.30"]
[Round "11"]
[White "VitaliyChayka"]
[Black "DefiantChair"]
[Result "0-1"]
[WhiteElo "2441"]
[BlackElo "2598"]
[TimeControl "180+1"]
[EndTime "10:11:59 PST"]
[Termination "DefiantChair won on time"]

1. d4 Nf6 2. Bf4 d5 3. e3 c5 4. dxc5 Nc6 5. Bb5 e6 6. b4 Bd7 7. c3 a5 8. Qb3 Ne4 9. f3 g5 10. Bxc6 bxc6 11. Be5 f6 12. Bd4 e5 13. fxe4 exd4 14. exd5 dxe3 15. d6 axb4 16. cxb4 Bg7 17. Nf3 f5 18. Nc3 Qf6 19. Rc1 Be6 20. Qc2 Ra3 21.
Ne2 Rxa2 22. Qd3 f4 23. O-O O-O 24. b5 Rd2 25. Nxd2 exd2 26. Qxd2 cxb5 27. c6 Bc4 28.
Rxc4 bxc4 29. Qd5+ Kh8 30. c7 c3 31. Qc6 Qe6 32. Nc1 f3 33. gxf3 Bd4+ 34. Kg2 g4 35.
Qe4 gxf3+ 36. Rxf3 Qxe4 0-1

[Event "Early-Titled-Tuesday-Blitz-January-30-2024"]
[Site "Chess.com"]
[Date "2024.01.30"]
[Round "11"]
[White "GrotBchess"]
[Black "winniethepooh04"]
[Result "0-1"]
[WhiteElo "2337"]
[BlackElo "2543"]
[TimeControl "180+1"]
[EndTime "10:11:59 PST"]
[Termination "winniethepooh04 won by resignation"]

1. e4 e6 2. d4 d5 3. Nc3 dxe4 4. Nxe4 Nd7 5. Nf3 Ngf6 6. Bd3 c5 7. Nxc5 Nxc5 8. dxc5 Qa5+ 9. Bd2 Qxc5 10. O-O Be7 11. Qe2 Bd7 12. Bc3 O-O 13. Rad1 Bc6 14. Ne5 Rad8 15.
Nxc6 bxc6 16. Qe5 Qb6 17. Qg3 Rd5 18. Rfe1 Rfd8 19. Qh4 h6 20. Qa4 Qc7 21. Re3 c5 22.
Rde1 Rg5 23. Rg3 Rxg3 24. hxg3 Nd5 25. Ba5 Nb6 26. Qe4 Bf6 27. Qh7+ Kf8 28. Bc3 Ke7 29. Bxf6+ gxf6 30. Qxh6 c4 31. Be4 Qe5 32. Qf4 Qxf4 33. gxf4 Rd2 34. Rf1 f5 35. Bf3 Rxc2 36. Rb1 Na4 37. Bd1 Rxb2 38. Rc1 Nb6 39. a4 a5 40.
Kf1 Kd6 41. g4 fxg4 42. Bxg4 Kc5 43. f5 exf5 44. Bxf5 Nxa4 45. Bh7 Nb6 46. Bg8 f6 47. Ke1 a4 48. Ra1 c3 49. Bh7 Kb4 50. Be4 a3 51. f3 a2 52. Kd1 Nc4 53. Kc1 Nd2 54. Bc2 Nb3+ 55. Bxb3 Kxb3 56. f4 f5 57. Kd1 Rb1+ 58.
Ke2 Rxa1 0-1

[Event "Early-Titled-Tuesday-Blitz-January-30-2024"]
[Site "Chess.com"]
[Date "2024.01.30"]
[Round "11"]
[White "BeardedNM"]
[Black "FLYD"]
[Result "1-0"]
[WhiteElo "2187"]
[BlackElo "2049"]
[TimeControl "180+1"]
[EndTime "10:11:59 PST"]
[Termination "BeardedNM won by resignation"]

1. e4 c6 2. d4 d5 3. e5 c5 4. dxc5 e6 5. Nf3 Bxc5 6. Bd3 Nc6 7. a3 Nge7 8. b4 Bb6 9. O-O Ng6 10. Re1 a6 11. g3 Qc7 12. Bb2 O-O 13. h4 a5 14.
b5 Nd8 15. h5 Ne7 16. h6 g6 17. Nh2 Nf5 18. Ng4 Nxg3 19. Qf3 Nf5 20. Qf4 Qe7 21. Nf6+ Kh8 22. Bxf5 exf5 23. e6 Nxe6 24. Nxd5+ f6 25. Qh4 g5 26. Nxe7 gxh4 27. Nxc8 Raxc8 28. Rxe6 Bxf2+ 29. Kxf2 Rxc2+ 30. Re2 Rfc8 31. Bxf6+ Kg8 32. Nd2 Kf7 33. Bxh4 f4 34. Rg1 f3 35. Rg7+ Kf8 36. Be7+ Ke8 37. Nxf3 Rxe2+ 38. Kxe2 Rc2+ 39. Nd2 Rc7 40. Rxh7 1-0

[Event "Early-Titled-Tuesday-Blitz-January-30-2024"]
[Site "Chess.com"]
[Date "2024.01.30"]
[Round "11"]
[White "Trojan-Knight"]
[Black "Ron_Weasley_Chess"]
[Result "1-0"]
[WhiteElo "2636"]
[BlackElo "2424"]
[TimeControl "180+1"]
[EndTime "10:12:00 PST"]
[Termination "Trojan-Knight won by resignation"]

1. d4 Nf6 2. c4 c5 3. d5 b5 4.
cxb5 a6 5. bxa6 g6 6. Nc3 Bg7 7. e4 O-O 8. a7 Rxa7 9. Nf3 d6 10.
Be2 Ba6 11. O-O Nbd7 12. a4 Qa8 13. Ra3 Rb8 14. Bb5 Ne8 15. Bxa6 Rxa6 16. Nb5 Rb7 17. Nd2 Nc7 18. Nxc7 Rxc7 19. Nc4 Nb6 20. Qc2 Nxa4 21. e5 Rca7 22. b3 Nb6 23. Rxa6 Rxa6 24. e6 fxe6 25.
dxe6 Ra2 26. Qd3 Qd5 27. Qh3 Nxc4 28. bxc4 Qxc4 29. Bg5 Ra1 30. Rxa1 Bxa1 31. g3 Bf6 32. Bxf6 exf6 33. e7 Qc1+ 34. Kg2 Qe1 35. Qd7 Kg7 36. e8=Q+ 1-0

[Event "Early-Titled-Tuesday-Blitz-January-30-2024"]
[Site "Chess.com"]
[Date "2024.01.30"]
[Round "11"]
[White "sokidze"]
[Black "Crazy_girl99"]
[Result "1-0"]
[WhiteElo "2841"]
[BlackElo "2619"]
[TimeControl "180+1"]
[EndTime "10:12:02 PST"]
[Termination "sokidze won by checkmate"]

1. d4 Nf6 2. c4 e6 3. Nf3 d5 4. g3 Be7 5. Bg2 O-O 6. Qc2 c6 7. O-O dxc4 8. Qxc4 b5 9. Qc2 Bb7 10. Nc3 Nbd7 11. Rd1 Rc8 12. Ne5 Qb6 13. Bg5 Rfd8 14. Nxd7 Rxd7 15. e3 h6 16. Bxf6 Bxf6 17. Ne4 Be7 18.
Nc5 Rdd8 19. b4 a5 20. a3 axb4 21. axb4 Bd6 22. f4 Bxc5 23. dxc5 Qc7 24. Rxd8+ Rxd8 25. Rd1 Rxd1+ 26. Qxd1 Kf8 27. e4 e5 28. fxe5 Qxe5 29. Qd8+ Qe8 30. Qd6+ Kg8 31. e5 g6 32. h4 Kh7 33. Qc7 Ba8 34. Bh3 Kg7 35. e6 Kf8 36. Qd6+ Qe7 37. Qb8+ Qe8 38. e7+ Kxe7 39. Qd6# 1-0

[Event "Early-Titled-Tuesday-Blitz-January-30-2024"]
[Site "Chess.com"]
[Date "2024.01.30"]
[Round "11"]
[White "JuniorJumper"]
[Black "IlanSchnaider"]
[Result "0-1"]
[WhiteElo "2534"]
[BlackElo "2672"]
[TimeControl "180+1"]
[EndTime "10:12:02 PST"]
[Termination "IlanSchnaider won by checkmate"]

1. b3 e5 2. Bb2 Nc6 3. e3 d5 4.
Bb5 Ne7 5. c4 Be6 6. Nf3 a6 7.
Bxc6+ Nxc6 8. cxd5 Bxd5 9. Nc3 Be6 10. O-O Be7 11. d4 exd4 12. exd4 Bg4 13. d5 Ne5 14. Re1 Bxf3 15. gxf3 Ng6 16. Ne4 O-O 17.
Qd4 f6 18. Nc5 Bxc5 19. Qxc5 Qd7 20. Re4 Qh3 21. Qxc7 Qxf3 22. Rae1 Rac8 23. Qg3 Qf5 24. d6 Rfd8 25. R1e2 h5 26. h4 Kh7 27. Bd4 Rc6 28. Be3 Qxe4 29. Rd2 Rc1+ 30. Rd1 Rxd1+ 31. Kh2 Qh1# 0-1

[Event "Early-Titled-Tuesday-Blitz-January-30-2024"]
[Site "Chess.com"]
[Date "2024.01.30"]
[Round "11"]
[White "UK_23"]
[Black "Lady_Nika"]
[Result "0-1"]
[WhiteElo "2415"]
[BlackElo "2584"]
[TimeControl "180+1"]
[EndTime "10:12:02 PST"]
[Termination "Lady_Nika won by resignation"]

1. e4 e6 2. d4 d5 3. e5 c5 4. c3 Nc6 5. Nf3 Qb6 6. Be2 Bd7 7. O-O Be7 8. dxc5 Bxc5 9. b4 Be7 10. a3 Nh6 11. Bxh6 gxh6 12. Re1 Rg8 13. Nbd2 Rc8 14. c4 a5 15. Qb1 axb4 16. Qxh7 Rf8 17. axb4 Nxb4 18.
Reb1 Bc5 19. Kf1 Bc6 20. Qxh6 Kd7 21. Qf6 Be7 22. Qf4 Ra8 23. Rxa8 Rxa8 24. Qxf7 Rf8 25. Qh7 d4 26. Bd3 Qa5 27. Ne4 Kd8 28. Neg5 Bd7 29. h4 Qa2 30. Rd1 Qb3 31. Qe4 Qxd1+ 32. Ne1 Bxg5 33.
hxg5 Qd2 34. Nf3 Qc1+ 35. Ne1 Qd2 36. Nf3 Qxd3+ 37. Qxd3 Nxd3 38. Ke2 Nf4+ 39. Kd2 Nxg2 40.
Nxd4 Rxf2+ 0-1

[Event "Early-Titled-Tuesday-Blitz-January-30-2024"]
[Site "Chess.com"]
[Date "2024.01.30"]
[Round "11"]
[White "GiorgianBarbosa"]
[Black "LaPiToB"]
[Result "1-0"]
[WhiteElo "2476"]
[BlackElo "2305"]
[TimeControl "180+1"]
[EndTime "10:12:02 PST"]
[Termination "GiorgianBarbosa won by checkmate"]

1. e4 c6 2. c4 d5 3. cxd5 cxd5 4. exd5 Nf6 5. Nc3 Nxd5 6. Nf3 Nc6 7. d4 e6 8. a3 Be7 9. Bd3 O-O 10. O-O Bf6 11. Bc2 b6 12. Re1 Bb7 13. Qd3 g6 14.
Bh6 Re8 15. Rad1 Rc8 16. Ba4 a6 17. Ne4 Bh8 18. Ne5 b5 19. Bb3 Nxe5 20. dxe5 Bxe5 21. Qf3 Bxb2 22. Ng5 Qf6 23. Bxd5 Bxd5 24. Qh3 Rc3 25. Nxh7 Rxh3 26. Nxf6+ Bxf6 27. gxh3 Bb2 28. Rxd5 Rc8 29. Bg5 Bxa3 30. Rd8+ Rxd8 31. Bxd8 Bb4 32. Rd1 Kg7 33.
Rd7 a5 34. Ra7 a4 35. Rb7 a3 36. Ra7 Bd6 37. Bb6 b4 38. Bd4+ e5 39. Ba1 Kf6 40.
Kf1 Kf5 41. Rxf7+ Ke6 42. Rb7 Kd5 43. Ke2 Kc4 44. Kd1 Kb3 45. Kc1 Ka2 46. Kc2 Kxa1 47.
Kb3 Kb1 48. Rd7 a2 49. Rxd6 a1=Q 50. Rd1# 1-0

[Event "Early-Titled-Tuesday-Blitz-January-30-2024"]
[Site "Chess.com"]
[Date "2024.01.30"]
[Round "11"]
[White "vasblesk"]
[Black "blitis"]
[Result "1-0"]
[WhiteElo "2756"]
[BlackElo "2608"]
[TimeControl "180+1"]
[EndTime "10:12:04 PST"]
[Termination "vasblesk won by resignation"]

1. d4 g6 2. Nf3 f5 3. g3 Nf6 4. Bg2 Bg7 5. O-O O-O 6. c4 d6 7. Nc3 Qe8 8. d5 Na6 9. Nd4 Nc5 10. b4 Nfe4 11. Nxe4 Nxe4 12. Bb2 c5 13. dxc6 bxc6 14. Qc2 e5 15. Nb3 d5 16. b5 Be6 17. cxd5 cxd5 18. a4 Rc8 19. Qd3 d4 20. Na5 Bd5 21. Rfc1 Qf7 22. Nc6 Kh8 23. e3 Nc5 24. Rxc5 Bxg2 25. Kxg2 e4 26. Qc4 d3 27. Qxf7 Rxf7 28. Bxg7+ Kxg7 29.
Kf1 h5 30. h4 Rb7 31. a5 g5 32.
hxg5 h4 33. gxh4 Rh8 34. Nd4 Kg6 35. Rc6+ Kh5 36. Nxf5 Kg4 37. Ng3 Rxh4 38. Kg2 Rbh7 39. Rh6 Kxg5 40. Rxh7 Rxh7 41. Nxe4+ Kf5 42. Kf3 Rc7 43. Rd1 Rd7 44. Nc5 Rd8 45. Rxd3 1-0

[Event "Early-Titled-Tuesday-Blitz-January-30-2024"]
[Site "Chess.com"]
[Date "2024.01.30"]
[Round "11"]
[White "chipmunknau"]
[Black "SaqoChess_Twitch"]
[Result "0-1"]
[WhiteElo "2741"]
[BlackElo "2625"]
[TimeControl "180+1"]
[EndTime "10:12:05 PST"]
[Termination "SaqoChess_Twitch won by resignation"]

1. c4 e6 2. Nf3 Nf6 3. g3 d5 4. Bg2 Be7 5. O-O O-O 6. b3 c5 7. cxd5 Nxd5 8. Bb2 Nc6 9. Nc3 b6 10. Nxd5 exd5 11. d4 Ba6 12. Rc1 Rc8 13. Bh3 Rc7 14. Qd2 c4 15. Rfd1 b5 16. Ne5 b4 17. bxc4 Nxe5 18.
dxe5 dxc4 19. Qe3 Qb8 20. Bd4 c3 21. a3 Qb5 22. axb4 Bxb4 23. Bxc3 Rxc3 24. Rxc3 Bxc3 25. Qxc3 Qxe2 26. Ra1 Bb7 27. Bg2 Bxg2 28. Kxg2 a6 29. Re1 Qb5 30. Qc7 a5 31. Qd6 a4 32. e6 fxe6 33. Rxe6 a3 34. Re7 Qb3 35. Qe5 Qf3+ 36. Kh3 Qf5+ 37. Qxf5 Rxf5 38. Ra7 Rf3 39. Rxa3 Rxa3 0-1

[Event "Early-Titled-Tuesday-Blitz-January-30-2024"]
[Site "Chess.com"]
[Date "2024.01.30"]
[Round "11"]
[White "KorolDimitriy75"]
[Black "jaskol95"]
[Result "1/2-1/2"]
[WhiteElo "2376"]
[BlackElo "2534"]
[TimeControl "180+1"]
[EndTime "10:12:05 PST"]
[Termination "Game drawn by repetition"]

1. d4 d5 2. c4 e5 3. Nc3 exd4 4. Qxd4 Nc6 5. Qxd5 Be6 6. Qb5 a6 7. Qa4 Nf6 8. Bd2 Bc5 9. e3 O-O 10. Nf3 Nb4 11. Rc1 Re8 12. Qd1 Nd3+ 13. Bxd3 Qxd3 14. b3 Ba3 15. Qc2 Bf5 16. Qxd3 Bxd3 17. Rd1 Bc2 18. Ke2 Bxd1+ 19. Rxd1 Rad8 20. h3 Bb4 21. Rc1 Rd7 22. Rc2 Red8 23. Be1 Bxc3 24. Bxc3 Rd1 25. Bxf6 gxf6 26.
h4 Ra1 27. g3 c5 28. Nd2 f5 29. Nf3 f6 30. Ne1 Rad1 31. Ng2 Kf7 32. Nf4 Ra1 33.
Nd5 a5 34. Nc3 Ke6 35. Kf3 Ke5 36. Ke2 Ke6 37. Kf3 Rd3 38. Ke2 Rd8 1/2-1/2

[Event "Early-Titled-Tuesday-Blitz-January-30-2024"]
[Site "Chess.com"]
[Date "2024.01.30"]
[Round "11"]
[White "MaxLeto"]
[Black "frequentblunders"]
[Result "1-0"]
[WhiteElo "2374"]
[BlackElo "2176"]
[TimeControl "180+1"]
[EndTime "10:12:06 PST"]
[Termination "MaxLeto won on time"]

1. h4 d5 2. h5 e5 3. d4 e4 4. h6 g6 5. c4 c6 6. Nc3 Nf6 7. Bg5 Be7 8. e3 O-O 9. Nh3 a6 10. Nf4 Be6 11. Qb3 dxc4 12. Qxb7 Nbd7 13. Nxe6 fxe6 14.
Qxc6 Rc8 15. Qxe6+ Kh8 16. Bxc4 Nb6 17. Bxa6 Rc7 18.
O-O Nfd5 19. Qe5+ Bf6 20. Bxf6+ Rxf6 21. Nxd5 Nxd5 22. Qxe4 Re7 23. Qd3 Nb4 24. Qa3 Nxa6 25. Rac1 Nc7 26. Rc4 Qd6 27. Qc3 Kg8 28. Rc1 Nd5 29.
Rc8+ Rf8 30. Qb3 Ree8 31. R8c6 Qd7 32. R6c5 Rd8 33. e4 1-0

[Event "Early-Titled-Tuesday-Blitz-January-30-2024"]
[Site "Chess.com"]
[Date "2024.01.30"]
[Round "11"]
[White "vlad10898"]
[Black "aghasiyevkamal"]
[Result "0-1"]
[WhiteElo "2797"]
[BlackElo "2629"]
[TimeControl "180+1"]
[EndTime "10:12:07 PST"]
[Termination "aghasiyevkamal won by resignation"]

1. e4 c5 2. Nc3 Nc6 3. g3 g6 4.
Bg2 Bg7 5. d3 e6 6. Be3 d6 7. Qd2 Nd4 8. Nd1 Ne7 9. c3 Ndc6 10. Bh6 Bxh6 11. Qxh6 Bd7 12. Qg7 Rf8 13. Qxh7 Qb6 14. Qh6 O-O-O 15. Ne2 Ne5 16. Qd2 c4 17. dxc4 Nxc4 18. Qd4 Qc5 19. b3 Ne5 20. f4 N5c6 21. Qxc5 dxc5 22. Ne3 e5 23. O-O-O f5 24. fxe5 Nxe5 25.
Nf4 g5 26. Nfd5 Nxd5 27. Nxd5 f4 28. gxf4 gxf4 29. Ne7+ Kb8 30. Rd5 f3 31. Bf1 Ng4 32. Ng6 Rfe8 33. Bh3 Nf2 34. Bxd7 Nxh1 35. Bxe8 Rxe8 36.
Rf5 f2 37. e5 Rg8 38. e6 Rxg6 39. e7 Re6 40. Rf8+ Kc7 41. e8=Q Rxe8 42. Rxe8 f1=Q+ 0-1

[Event "Early-Titled-Tuesday-Blitz-January-30-2024"]
[Site "Chess.com"]
[Date "2024.01.30"]
[Round "11"]
[White "Laico"]
[Black "Shushik"]
[Result "0-1"]
[WhiteElo "2370"]
[BlackElo "2511"]
[TimeControl "180+1"]
[EndTime "10:12:07 PST"]
[Termination "Shushik won by resignation"]

1. e4 c5 2. Nc3 Nc6 3. f4 g6 4.
Nf3 Bg7 5. Bb5 Nd4 6. O-O a6 7. Bc4 e6 8. d3 Ne7 9. Nxd4 cxd4 10.
Ne2 d5 11. Bb3 O-O 12. Ng3 dxe4 13. dxe4 b5 14. Kh1 Ra7 15. a4 b4 16. a5 Rd7 17.
Bd2 Nc6 18. Ba4 Rc7 19. Bxc6 Rxc6 20. Bxb4 Re8 21. f5 exf5 22. exf5 Qd5 23. Qd2 Bb7 24. Rae1 Rcc8 25. fxg6 hxg6 26. Qf2 Re3 27. Rxe3 dxe3 28. Qe2 Be5 29. Rf3 Qd4 30. Bc3 Bxf3 31. gxf3 Qf4 32. Ne4 Bxc3 33. Nxc3 Rd8 34. Ne4 Rd4 35. c3 Rd5 36.
Qc4 Qxf3+ 37. Kg1 Rd1+ 0-1

[Event "Early-Titled-Tuesday-Blitz-January-30-2024"]
[Site "Chess.com"]
[Date "2024.01.30"]
[Round "11"]
[White "familijatop71"]
[Black "Felix-Rose"]
[Result "0-1"]
[WhiteElo "2227"]
[BlackElo "2342"]
[TimeControl "180+1"]
[EndTime "10:12:07 PST"]
[Termination "Felix-Rose won by checkmate"]

1. e4 e5 2. Nf3 Nc6 3. Bc4 Nf6 4. d3 Bc5 5. O-O d6 6. c3 a5 7.
a4 Ba7 8. Re1 O-O 9. Nbd2 Be6 10. Bb3 Qe7 11. Nf1 h6 12. Ng3 Bb6 13. Be3 Bxe3 14.
Rxe3 b6 15. Nf5 Bxf5 16. exf5 Rfe8 17. Nd2 Qd7 18. Ne4 Nxe4 19. dxe4 Rad8 20. Bc4 Ne7 21. Rg3 d5 22. Qg4 g6 23. Rd1 Qc8 24. exd5 Qxf5 25. Qxf5 Nxf5 26. Rgd3 Rd6 27. g4 e4 28. Rh3 Ne7 29. Re3 f5 30. h3 Kg7 31. f4 Red8 32. gxf5 gxf5 33. Rg3+ Kf6 34. h4 Nxd5 35. h5 Nxf4 36. Rf1 Nxh5 37. Rh3 Kg5 38. Bf7 Nf4 39.
Rg3+ Kf6 40. Rxf4 Rd1+ 41. Kg2 R8d2+ 42. Kh3 Rh1# 0-1

[Event "Early-Titled-Tuesday-Blitz-January-30-2024"]
[Site "Chess.com"]
[Date "2024.01.30"]
[Round "11"]
[White "Adar_07"]
[Black "Zhigalko_Sergei"]
[Result "0-1"]
[WhiteElo "2643"]
[BlackElo "2924"]
[TimeControl "180+1"]
[EndTime "10:12:09 PST"]
[Termination "Zhigalko_Sergei won by resignation"]

1. e4 c5 2. Nf3 Nc6 3. d4 cxd4 4. Nxd4 Nf6 5. Nc3 e5 6. Ndb5 d6 7. Bg5 a6 8. Bxf6 gxf6 9. Na3 b5 10. Nd5 Bg7 11.
c3 f5 12. exf5 Bxf5 13. Nc2 Be6 14. a4 bxa4 15. Rxa4 O-O 16. Rxa6 Rxa6 17. Bxa6 Ne7 18. Nxe7+ Qxe7 19. O-O d5 20. b4 Qc7 21. Ne3 Rd8 22. Qc2 e4 23. c4 d4 24. Qxe4 dxe3 25. fxe3 Qb6 26. Bb5 Bf8 27. Qe5 Bg7 28. Qe4 Rd2 29.
Be8 Qd8 30. Bc6 Qd3 31. c5 Bh6 32. Qxd3 Rxd3 33. Re1 Bxe3+ 34. Kf1 Bc4 35. Ke2 Rc3+ 0-1

[Event "Early-Titled-Tuesday-Blitz-January-30-2024"]
[Site "Chess.com"]
[Date "2024.01.30"]
[Round "11"]
[White "ErikRonka"]
[Black "Iskusnyh"]
[Result "1-0"]
[WhiteElo "2517"]
[BlackElo "2657"]
[TimeControl "180+1"]
[EndTime "10:12:10 PST"]
[Termination "ErikRonka won on time"]

1. e4 e6 2. d4 d5 3. Nc3 Nf6 4. e5 Nfd7 5. f4 c5 6. Nf3 Nc6 7. Be3 Rb8 8. Qd2 Qa5 9. Be2 b5 10. a4 b4 11. Nb5 a6 12. O-O cxd4 13. Nbxd4 Nxd4 14. Nxd4 Bc5 15. f5 exf5 16. e6 Nf6 17. exf7+ Kxf7 18. Nxf5 Bxf5 19. Rxf5 Bxe3+ 20. Qxe3 Rhe8 21. Qf3 Kg8 22. Kh1 b3 23. cxb3 Qd2 24. Bxa6 Qxb2 25.
Rf1 Rxb3 26. Qd1 Kh8 27. h3 Rg3 28. R5f2 h6 29. Rxb2 Ne4 30. Bd3 Ng5 31. Re2 Rd8 32. Ref2 d4 33. Rf8+ 1-0

[Event "Early-Titled-Tuesday-Blitz-January-30-2024"]
[Site "Chess.com"]
[Date "2024.01.30"]
[Round "11"]
[White "HeroWilczek"]
[Black "arnash_bauyrzhan"]
[Result "1-0"]
[WhiteElo "2457"]
[BlackElo "2235"]
[TimeControl "180+1"]
[EndTime "10:12:10 PST"]
[Termination "HeroWilczek won by resignation"]

1. e4 c5 2. Nc3 Nc6 3. Nge2 e6 4. g3 Nf6 5. Bg2 d6 6. O-O Be7 7. d4 cxd4 8. Nxd4 Bd7 9. Re1 O-O 10. Be3 Ne5 11. b3 Rc8 12. Nb1 Neg4 13. Bc1 e5 14. Nf3 Qb6 15. Qd2 d5 16. exd5 Bc5 17. h3 Bxf2+ 18. Kh1 Bxe1 19. Nxe1 Nf2+ 20. Kh2 N6e4 21. Qe2 Nc3 22. Nxc3 Rxc3 23. Bd2 Rc7 24. Be3 Ng4+ 25. hxg4 Qg6 26. Bh3 Rc3 27. Bd2 Rc5 28. c4 b5 29.
Be3 Rc7 30. c5 e4 31. Ng2 Re8 32. Nf4 Qf6 33. Rd1 h5 34. gxh5 1-0

[Event "Early-Titled-Tuesday-Blitz-January-30-2024"]
[Site "Chess.com"]
[Date "2024.01.30"]
[Round "11"]
[White "lilleper1"]
[Black "maciek_92"]
[Result "1-0"]
[WhiteElo "2919"]
[BlackElo "2800"]
[TimeControl "180+1"]
[EndTime "10:12:12 PST"]
[Termination "lilleper1 won on time"]

1. e4 c5 2. Nf3 d6 3. Bb5+ Nd7 4. O-O Nf6 5. Re1 a6 6. Bf1 e5 7. a4 Be7 8. Nc3 O-O 9. Bc4 Nb8 10. d3 h6 11. Nd5 Nxd5 12. Bxd5 Nd7 13. a5 Nf6 14.
Bc4 Be6 15. Bxe6 fxe6 16. c3 Qd7 17. Nd2 d5 18. Nf3 Bd6 19. h3 Rae8 20. c4 d4 21. Bd2 Rf7 22. Rb1 Qe7 23. Rf1 Ref8 24. Ne1 Nd7 25. Qh5 Qd8 26. Nc2 Kh7 27. b4 cxb4 28. Bxb4 Bxb4 29. Rxb4 Nc5 30. Qe2 Qxa5 31. f3 Rc7 32.
Ra1 Na4 33. Raxa4 Qc5 34. Ra1 Rfc8 35. Qd2 Qd6 36. Na3 b5 37. cxb5 Rc3 38. Ra4 a5 39. Nc4 Qc5 40. b6 Rb8 41. Rb1 Qc6 42. Rxa5 Qb7 43. Rxe5 1-0

[Event "Early-Titled-Tuesday-Blitz-January-30-2024"]
[Site "Chess.com"]
[Date "2024.01.30"]
[Round "11"]
[White "JimDiGrease"]
[Black "FormerProdigy"]
[Result "1/2-1/2"]
[WhiteElo "2975"]
[BlackElo "3043"]
[TimeControl "180+1"]
[EndTime "10:12:13 PST"]
[Termination "Game drawn by agreement"]

1. d4 Nf6 2. c4 e6 3. Bf4 d5 4.
Nc3 dxc4 5. e3 c5 6. Bxc4 cxd4 7.
exd4 Nc6 8. Nf3 Bd6 9. Bg5 h6 10. Bh4 O-O 11. O-O Be7 12. Re1 Nh5 13. Bxe7 Nxe7 14.
d5 exd5 15. Nxd5 Nxd5 16. Qxd5 Qxd5 17. Bxd5 Nf6 18. Bb3 Bd7 19. Ne5 Be6 20. Bxe6 fxe6 21. Rac1 Rac8 22. Red1 Nd5 23. f3 g5 24. Kf2 Kg7 25.
Nd3 b6 26. Ne5 Rfe8 27. Nc6 Rc7 28. Nd4 Rxc1 29. Rxc1 Kf6 30. Nb5 Rd8 31. Rd1 Rc8 32.
Rd2 a6 33. Nd6 Rc6 34. Ne4+ Ke7 35. g3 a5 36. a3 b5 37. Ke2 a4 38. Kd3 b4 39. Rc2 bxa3 40. bxa3 Rb6 41. Nc5 Kd6 42. Nxa4 Rb3+ 43. Nc3 Rxa3 44. Kd2 Ke5 45. Nxd5 exd5 46. Ke2 h5 47. h3 h4 48. gxh4 gxh4 49. Rc8 Kf4 50.
Rg8 Re3+ 51. Kd2 Rxf3 52. Rg4+ Ke5 53. Rxh4 d4 54. Rh8 1/2-1/2

[Event "Early-Titled-Tuesday-Blitz-January-30-2024"]
[Site "Chess.com"]
[Date "2024.01.30"]
[Round "11"]
[White "toninhojit"]
[Black "EsmeraldasAnderson03"]
[Result "0-1"]
[WhiteElo "2536"]
[BlackElo "2413"]
[TimeControl "180+1"]
[EndTime "10:12:14 PST"]
[Termination "EsmeraldasAnderson03 won on time"]

1. e4 c5 2. Nf3 d6 3. d4 cxd4 4. Nxd4 Nf6 5. Nc3 a6 6. Bc4 e6 7. Bb3 Qc7 8. Qe2 b5 9. f4 Bb7 10. f5 e5 11. Nf3 b4 12. Nd5 Nxd5 13. exd5 Nd7 14. Be3 Nc5 15. Bxc5 Qxc5 16. Ba4+ Kd8 17.
O-O-O Be7 18. Kb1 a5 19. Bc6 Kc7 20. Rhe1 Bf6 21. Nd2 Bxc6 22. dxc6 Qxc6 23. Ne4 Rhd8 24. c4 Kb7 25. Rd5 Be7 26. Rb5+ Ka6 27. Rd1 Rab8 28.
Rdd5 Rb6 29. Rxa5+ Kb7 30. Qd3 g6 31. f6 Bf8 32. c5 Ra6 33. Rxa6 Qxa6 34. Qxa6+ Kxa6 35. cxd6 Kb6 36. Rd1 Kc6 37. Kc2 Bxd6 38. Kb3 Bc7 39. Rxd8 Bxd8 40. Kxb4 Kd5 41. Nc3+ Kd4 42. Nb5+ Kd3 43.
Nd6 Bxf6 44. Nxf7 e4 45. Nd6 e3 46. Nb7 Be7+ 47. Kb3 e2 0-1